 Dungeon Crawl Stone Soup version 0.30-b1-2-g02819fbbbe (webtiles) character file.

Game seed: 4361681053803227922

140664 sanka the Gelid (level 16, -25/122 HPs)
             Began as a Vampire Conjurer on May 12, 2023.
             Was a High Priest of Vehumet.
             Killed from afar by a salamander tyrant (43 damage)
             ... on level 3 of the Snake Pit.
             The game lasted 02:19:49 (40267 turns).

sanka the Gelid (Vampire Conjurer)                 Turns: 40267, Time: 02:19:49

Health: -25/122    AC: 13    Str:  6    XL:     16   Next: 76%
Magic:  25/30      EV: 30    Int: 30    God:    Vehumet [*****.]
Gold:   1043       SH:  0    Dex: 16    Spells: 11/35 levels left

rFire   . . .        a - staff of conjuration {!a}
rCold   + . .        (no shield)
rNeg    . . .        X - +0 steam dragon scales
rPois   .            I - +2 helmet {Int+3}
rElec   .            r - scarf {repulsion}
rCorr   .            M - +0 pair of gloves
SInv    +            N - +0 pair of boots
Will    +....        m - amulet "Eseor" {RegenMP rC+ Stlth+}
Stlth   +++          C - +5 ring of evasion
HPRegen 0.60/turn    h - ring "Boasazyth" {EV+5 Dex+2}
MPRegen 0.62/turn

%: repel missiles
@: healing quickly
A: alive, fangs 3, see invisible, vampiric 2
a: Exsanguinate, Renounce Religion


You were on level 3 of the Snake Pit.
You worshipped Vehumet.
Vehumet was extremely pleased with you.
You visited 5 branches of the dungeon, and saw 27 of its levels.
You also visited: Sewer, Bailey and Volcano.

You collected 3074 gold pieces.
You spent 2031 gold pieces at shops.

Inventory:

Hand Weapons
 b - the +1 demon blade of Calamity {elec, rPois rN+ Int+4}
   (You took it off a salamander on level 1 of the Snake Pit)

   Int:       It affects your intelligence (+4).
   rPois:     It protects you from poison.
   rN:        It protects you from negative energy.
Missiles
 z - a throwing net {=f}
 H - 10 curare-tipped darts {=f}
Armour
 r - a scarf of repulsion (worn)
 v - a scarf of resistance
 I - a +2 helmet of intelligence (worn)
 M - a +0 pair of gloves (worn)
 N - a +0 pair of boots (worn)
 X - +0 steam dragon scales (worn)
Magical Staves
 a - a staff of conjuration (weapon) {!a}
Jewellery
 f - a ring of ice
 h - the ring "Boasazyth" (right hand) {EV+5 Dex+2}
   (You found it on level 1 of the Lair of Beasts)

   [ring of evasion]

   EV:        It affects your evasion (+5).
   Dex:       It affects your dexterity (+2).
 k - the ring "Fefotive" {rPois Will+ Slay+5}
   (You found it on level 15 of the Dungeon)

   [ring of willpower]

   Slay:      It affects your accuracy & damage with ranged weapons and melee
   (+5).
   rPois:     It protects you from poison.
   Will:      It increases your willpower.
 m - the amulet "Eseor" (around neck) {RegenMP rC+ Stlth+}
   (You acquired it on level 5 of the Lair of Beasts)

   [amulet of magic regeneration]

   It increases your rate of magic regeneration.
   rC:        It protects you from cold.
   Stlth:     It makes you more stealthy.
 q - a +4 ring of protection
 t - a ring of resist corrosion
 y - a ring of protection from fire
 A - the ring of Wontef {rElec rC+ Will+}
   (You acquired it on level 2 of the Lair of Beasts)

   [ring of protection from cold]

   rC:        It protects you from cold.
   rElec:     It insulates you from electricity.
   Will:      It increases your willpower.
 C - a +5 ring of evasion (left hand)
Wands
 Q - a wand of charming (7)
 R - a wand of flame (52)
 S - a wand of roots (16)
 U - a wand of polymorph (11)
 Y - a wand of light (3)
Scrolls
 e - 6 scrolls of magic mapping
 j - 2 scrolls of amnesia
 n - 16 scrolls of teleportation {@r4}
 p - 9 scrolls of fog
 u - 3 scrolls of noise {!r}
 w - 9 scrolls of immolation {!r}
 x - 3 scrolls of butterflies
 B - 5 scrolls of poison {!r}
 G - 3 scrolls of identify {@r1}
 J - 2 scrolls of blinking
 O - 3 scrolls of silence {!r}
 W - 3 scrolls of fear
 Z - 4 scrolls of torment {!r}
Potions
 c - 5 potions of flight
 i - 8 potions of attraction {!q}
 l - 7 potions of curing {@q1}
 o - 8 potions of berserk rage {!q}
 D - 5 potions of magic
 E - 7 potions of brilliance
 F - 5 potions of might
 K - 2 potions of mutation {!q}
 L - 3 potions of resistance
 P - 3 potions of cancellation
 V - 6 potions of haste {@q3}
Miscellaneous
 s - a phial of floods
 T - a lightning rod (4/4)


   Skills:
 - Level 10.0 Fighting
 + Level 5.4 Long Blades
 - Level 10.0 Armour
 - Level 15.0 Dodging
 - Level 3.0 Stealth
 - Level 10.0 Spellcasting
 - Level 5.0 Conjurations
 - Level 8.0 Hexes
 - Level 15.6 Ice Magic
 - Level 3.0 Air Magic
 + Level 9.8 Earth Magic


You had 11 spell levels left.
You knew the following spells:

 Your Spells              Type           Power      Damage    Failure   Level
a - Magic Dart            Conj           100%       1d8       1%          1
b - Searing Ray           Conj           100%       2d8       1%          2
c - Fulminant Prism       Conj/Hex       34%        3d15      1%          4
d - Hailstorm             Conj/Ice       86%        3d17      1%          3
e - Ozocubu's Armour      Ice            83%        N/A       0%          3
f - Freezing Cloud        Conj/Ice/Air   38%        6-21      1%          5
g - Iron Shot             Conj/Erth      36%        9d7       7%          6

Your spell library contained the following spells:

 Spells                   Type           Power      Damage    Failure   Level
 Conjure Ball Lightning   Conj/Air       27%        3x3d8     26%         6
 Kiss of Death            Conj/Necr      100%       2d13      1%          1
 Poisonous Vapours        Pois/Air       48%        N/A       1%          2
 Confusing Touch          Hex            58%        N/A       1%          3
 Dazzling Flash           Conj/Hex       100%       N/A       1%          3
 Inner Flame              Hex/Fire       39%        N/A       1%          3
 Portal Projectile        Hex/Tloc       78%        N/A       1%          3
 Summon Guardian Golem    Hex/Summ       39%        N/A       1%          3
 Leda's Liquefaction      Hex/Erth       31%        N/A       1%          4
 Lee's Rapid Deconstruct  Erth           32%        3d17*     1%          5
 Metabolic Englaciation   Hex/Ice        36%        N/A       1%          5
 Sting                    Tmut/Pois      60%        1d6       3%          1
 Summon Small Mammal      Summ           60%        N/A       3%          1
 Cigotuvi's Dreadful Rot  Necr/Pois/Air  42%        N/A       3%          2
 Volatile Blastmotes      Fire/Tloc      30%        2d12      3%          3
 Iskenderun's Mystic Bla  Conj/Tloc      45%        2d10      3%          4
 Yara's Violent Unravell  Hex/Tmut       19%        3d9       5%          5
 Olgreb's Toxic Radiance  Pois           15%        N/A       10%         4
 Call Canine Familiar     Summ           15%        N/A       11%         3
 Simulacrum               Ice/Necr       29%        N/A       22%         6
 Dispel Undead            Necr           15%        3d10      34%         4
 Enfeeble                 Hex            29%        N/A       73%         7
 Death Channel            Necr           7%         N/A       99%         6


Dungeon Overview and Level Annotations

Branches:
Dungeon (15/15)            Temple (1/1) D:4            Lair (5/5) D:9
  Swamp (0/4) Lair:3        Snake (4/4) Lair:2        Slime (0/5) Lair:5
    Orc (2/2) D:11            Elf (0/3) Orc:2        Vaults (0/5) D:14
 Depths (0/4) D:15          Sewer (visited)          Bailey (visited)
Volcano (visited)

Altars:
Ashenzari
Cheibriados
Dithmenos
Fedhas
Gozag
Hepliaklqana
Kikubaaqudgha
Makhleb
Nemelex Xobeh
Okawaru
Qazlal
Ru
Sif Muna
Trog
Uskayaw
Vehumet
Wu Jian
Xom
Yredelemnul

Shops:
D:1 (=![   D:5 [   D:7 !   D:14 (   Orc:2 !=![

Annotations:
D:15 1 runed translucent door, Qishud's ghost, adept GrEE
Temple 2 transporters
Snake:1 2 transporters, Seits's ghost, adept MiFi


Innate Abilities, Weirdness & Mutations

Your natural rate of healing is accelerated.
You have razor-sharp teeth.
You have supernaturally acute eyesight. (SInv)
You are afflicted with vampirism and can become a bat while bloodless.


Message History

You are engulfed in flames!
The salamander is engulfed in freezing vapours.
The naga mage casts a spell.
The naga mage seems to speed up.
The salamander tyrant is engulfed in freezing vapours.
The salamander mystic is engulfed in freezing vapours.
The salamander is engulfed in freezing vapours.
The salamander closely misses you.
Unknown command.
The salamander wields a +0 shortbow of flaming.
It bursts into flame!
The salamander shoots an arrow.
The arrow completely misses you. The salamander misses you.
The salamander is engulfed in freezing vapours. x2
The salamander tyrant hits you!
You are engulfed in flames!
The salamander mystic misses you.
There is a stone staircase leading up here.
Unknown command.
The salamander is engulfed in freezing vapours.
The salamander wields a +2 shortbow of flaming.
It bursts into flame!
The salamander shoots an arrow.
The arrow completely misses you. The salamander misses you.
The salamander is engulfed in freezing vapours.
The salamander hits you from afar with a +1 heavy halberd!
You are engulfed in flames!
The salamander tyrant hits you!
* * * LOW HITPOINT WARNING * * *
You are engulfed in flames!!
* * * LOW HITPOINT WARNING * * *
The salamander is engulfed in freezing vapours.
The salamander misses you.
The salamander mystic casts a spell at you.
The bolt of magma misses you.
You climb upwards.
There is a stone staircase leading down here.
Unknown command.
Blink to where?
Press: ? - help, Dir - move target
As you read the scroll of blinking, it crumbles to dust.
The salamander tyrant rends the earth beneath you!
The blast of magma engulfs you!!!
You die...

.##......⌠).....###..####..## ##.
.#.............## #..# ##..###..
##...####8###### ###### ###.....
#....#####..# ##...## #.....
##....# #..## ##.....## #.##..
###...###..## #.......###.###.
#.###.##....## ##...#.(.##..# #.
##............###≈..##...##..# ##
##.......####.).@≈.###...##..# ##
.####....## ##..##..##...##..###.
.# ##....###.......#8.⌠.8#......
.# ###.....#........##...##......
.###.................#...#...##..
.##..................#...#...##..
.8#......#N..).......#...#...###.
.##......#§N....#....#.......##..
.#.......##....###..###.....##...


You could see a salamander tyrant and a salamander mystic.

Vanquished Creatures
  Vashnia (Snake:3)
  Nikola (Snake:3)
  A nagaraja (Snake:3)
  Aizul (Snake:3)
  An orc warlord (Orc:1)
  Azrael (Snake:3)
  An ettin (Orc:2)
  A fire dragon (Volcano)
  Erolcha (Orc:2)
  5 hydras
  4 anacondas
  3 centaur warriors
  An ogre mage (D:14)
  3 catoblepae (Lair:5)
  5 boulder beetles
  15 naga warriors
  3 tengu warriors (D:15)
  A deep troll shaman (Lair:5)
  7 two-headed ogres
  3 death yaks (Lair:5)
  6 naga sharpshooters
  The ghost of NitroKuite the Thaumaturge, a journeyman DEEE of Vehumet (Orc:2)
  8 shock serpents
  4 sun demons (Volcano)
  Nergalle (Orc:2)
  A titan skeleton (D:15)
  A salamander mystic (Snake:1)
  A skyshark (Lair:5)
  5 skeletal warriors (D:14)
  4 naga ritualists
  2 lindwurms (Lair:5)
  A phantasmal warrior (D:15)
  4 deep elf pyromancers
  An oklob plant (D:13)
  A necromancer (D:15)
  4 orc knights
  A stone giant zombie (D:15)
  8 mana vipers
  17 ugly things
  8 orc sorcerers (Orc:2)
  9 salamanders
  A salamander (shapeshifter) (D:13)
  6 cyclopes
  3 manticores
  A frost giant skeleton (D:15)
  25 black mambas
  A moth of wrath (Orc:2)
  6 guardian serpents
  11 naga magi
  A torpor snail (Lair:5)
  14 elephants
  Maurice (Orc:2)
  12 cane toads
  A smoke demon (Volcano)
  A gargoyle (D:11)
  An unseen horror (D:11)
  6 komodo dragons
  A rime drake (Lair:4)
  3 tengu conjurers (D:15)
  A guardian mummy (D:15)
  6 trolls
  A hornet (shapeshifter) (D:12)
  A polar bear (Lair:5)
  An ettin zombie (D:15)
  9 blink frogs
  3 shadows
  15 slime creatures
  23 yaks
  4 wraiths
  A vampire (D:11)
  2 fire elementals (Snake:3)
  2 basilisks
  3 wyverns
  7 steam dragons
  10 vampire mosquitoes
  Grum (D:10)
  4 swamp worms (Lair:1)
  44 nagas
  9 wargs
  9 hell hounds
  4 acid dragons
  Edmund (D:4)
  9 water moccasins
  An ice beast (D:6)
  22 orc warriors
  2 black bears
  8 ogres
  23 wolves
  15 centaurs
  2 phantoms
  5 kobold brigands
  10 bullfrogs
  3 gnoll sergeants
  A scorpion (D:5)
  9 wights
  11 killer bees
  12 howler monkeys
  2 electric eels
  4 hounds
  15 orc priests
  A sleepcap (D:8)
  3 iguanas
  29 orc wizards
  19 gnolls
  11 adders
  3 river rats (Sewer)
  A shadow imp (D:6)
  3 white imps
  3 worms (D:2)
  A dart slug (D:3)
  100 orcs
  3 bats (D:1)
  10 endoplasms
  6 giant cockroaches
  9 goblins
  10 hobgoblins
  10 jackals
  7 quokkas
  7 ball pythons
  3 frilled lizards
  25 kobolds
  9 rats
  10 briar patches (Lair:1)
  2 bushes (D:13)
  4 butterflies (Lair:3)
846 creatures vanquished.

Vanquished Creatures (collateral kills)
  An orc warrior (Orc:1)
  An orc priest (Orc:1)
  An orc (Orc:1)
3 creatures vanquished.

Vanquished Creatures (others)
  An angel (D:4)
  A black mamba (Snake:1)
  A warg (Orc:2)
  An orc warrior (Orc:1)
  2 briar patches (Lair:1)
  107 fulminant prisms
  55 fungi
  94 plants
  7 toadstools (D:13)
  12 withered plants (D:15)
281 creatures vanquished.

Grand Total: 1130 creatures vanquished

Notes
Turn   | Place    | Note
-------+----------+-------------------------------------------
     0 | D:1      | sanka the Vampire Conjurer began the quest for the Orb.
     0 | D:1      | Reached XP level 1. HP: 13/13 MP: 3/3
   163 | D:1      | Found Kaefe's Antique Armour Shoppe.
   171 | D:1      | Found Uvusoq's Distillery.
   246 | D:1      | Reached skill level 1 in Fighting
   246 | D:1      | Reached XP level 2. HP: 17/21 MP: 1/5
   319 | D:1      | Found Doras's Weapon Shop.
   527 | D:1      | Found a faded altar of an unknown god.
   926 | D:1      | Found Jehi's Jewellery Shoppe.
   955 | D:1      | Gained mutation: You are afflicted with vampirism and can
                  | become a bat while bloodless. [Vampire growth]
   955 | D:1      | Reached XP level 3. HP: 26/26 MP: 2/6
  1264 | D:1      | Learned a level 2 spell: Searing Ray
  1615 | D:2      | Found a snail-covered altar of Cheibriados.
  1766 | D:2      | Reached XP level 4. HP: 32/32 MP: 3/7
  2705 | D:3      | Found a glowing drain.
  2716 | Sewer    | Entered a sewer
  2783 | Sewer    | Reached XP level 5. HP: 37/37 MP: 2/8
  2918 | Sewer    | Reached skill level 5 in Conjurations
  2918 | Sewer    | Reached XP level 6. HP: 27/44 MP: 2/9
  3862 | D:4      | Noticed an angel
  3863 | D:4      | Found a shimmering altar of Xom.
  4159 | D:4      | Reached XP level 7. HP: 46/52 MP: 1/10
  4231 | D:4      | Found a staircase to the Ecumenical Temple.
  4241 | Temple   | Entered the Ecumenical Temple
  4241 | Temple   | Found a transporter.
  4241 | Temple   | Found a transporter.
  4243 | Temple   | Found a transporter.
  4243 | Temple   | Found a transporter.
  4262 | Temple   | Became a worshipper of Vehumet
  4346 | D:4      | Killed an angel
  4509 | D:4      | Noticed Edmund
  4766 | D:4      | Identified the +7 spear of Foexisiv {flame, SInv}
  5680 | D:5      | Entered Level 5 of the Dungeon
  5692 | D:4      | Reached skill level 5 in Dodging
  6152 | D:5      | Reached * piety under Vehumet
  6152 | D:5      | Offered knowledge of Kiss of Death by Vehumet.
  6263 | D:5      | Found Igisu Foec's Antique Armour Shop.
  6643 | D:5      | Bought a glowing helmet for 180 gold pieces
  6827 | D:6      | Reached XP level 8. HP: 61/61 MP: 6/11
  6927 | D:6      | Reached skill level 5 in Fighting
  8501 | D:7      | Reached XP level 9. HP: 66/71 MP: 7/12
  8536 | D:7      | Found a flagged portal.
  8567 | Bailey   | Entered a bailey
  8582 | Bailey   | Reached ** piety under Vehumet
  8582 | Bailey   | Offered knowledge of Static Discharge by Vehumet.
  8685 | Bailey   | Noticed an orc knight
  8845 | Bailey   | Learned a level 4 spell: Fulminant Prism
  8857 | Bailey   | Killed an orc knight
  8858 | Bailey   | Reached skill level 5 in Hexes
  9378 | D:7      | Offered knowledge of Poisonous Vapours by Vehumet.
  9478 | D:7      | Found Xiskeeto's Distillery.
  9856 | D:7      | Found an opulent altar of Gozag.
 10040 | D:8      | Reached *** piety under Vehumet
 10129 | D:8      | Reached XP level 10. HP: 80/80 MP: 10/13
 10180 | D:8      | Noticed a two-headed ogre
 10192 | D:8      | Killed a two-headed ogre
 10193 | D:8      | Reached skill level 10 in Dodging
 10231 | D:8      | Offered knowledge of Hailstorm by Vehumet.
 10236 | D:8      | Learned a level 3 spell: Hailstorm
 10247 | D:8      | Found a hide-covered altar of Uskayaw.
 10584 | D:8      | Reached skill level 1 in Ice Magic
 10637 | D:8      | Found an ornate altar of the Wu Jian Council.
 10645 | D:8      | Found a bloodstained altar of Trog.
 10647 | D:8      | Found an ancient bone altar of Kikubaaqudgha.
 10652 | D:8      | Found a basalt altar of Yredelemnul.
 10778 | D:9      | Found a staircase to the Lair.
 11000 | D:1      | Bought a potion of haste for 110 gold pieces
 11000 | D:1      | Bought a potion of degeneration for 11 gold pieces
 11004 | D:1      | Bought a potion of attraction for 33 gold pieces
 11004 | D:1      | Bought a potion of brilliance for 44 gold pieces
 11004 | D:1      | Bought a potion of resistance for 110 gold pieces
 11004 | D:1      | Bought a potion of mutation for 88 gold pieces
 11111 | D:7      | Bought a potion of berserk rage for 55 gold pieces
 11540 | D:9      | Reached **** piety under Vehumet
 11541 | D:9      | Reached skill level 5 in Spellcasting
 11637 | D:9      | Found a blossoming altar of Fedhas.
 11772 | D:9      | Found a sacrificial altar of Ru.
 12137 | D:9      | Reached skill level 5 in Ice Magic
 12199 | D:9      | Identified the +7 hand axe of Sunlight {freeze, rN+ Int+2}
 12312 | D:10     | Entered Level 10 of the Dungeon
 12313 | D:10     | Noticed Grum
 12320 | D:10     | Offered knowledge of Arcjolt by Vehumet.
 12462 | D:10     | Killed Grum
 12781 | D:10     | Found a stormy altar of Qazlal.
 12902 | D:10     | Noticed a purple ugly thing
 12916 | D:10     | Killed a purple ugly thing
 13059 | D:10     | Noticed a two-headed ogre
 13075 | D:10     | Killed a two-headed ogre
 13076 | D:10     | Reached XP level 11. HP: 87/87 MP: 18/18
 13803 | D:11     | Noticed a brown ugly thing
 13816 | D:11     | Killed a brown ugly thing
 13874 | D:11     | Noticed a boulder beetle
 14101 | D:11     | Found a staircase to the Orcish Mines.
 14171 | D:11     | Killed a boulder beetle
 14172 | D:11     | Reached skill level 10 in Fighting
 14190 | D:11     | Noticed a two-headed ogre
 14226 | D:11     | Killed a two-headed ogre
 14393 | D:11     | Noticed a two-headed ogre
 14405 | D:11     | Killed a two-headed ogre
 14501 | D:11     | Noticed a two-headed ogre
 14511 | D:11     | Killed a two-headed ogre
 14600 | D:11     | Reached XP level 12. HP: 60/97 MP: 19/19
 14727 | D:11     | Noticed a boulder beetle
 14749 | D:11     | Killed a boulder beetle
 15173 | Lair:1   | Entered Level 1 of the Lair of Beasts
 15185 | Lair:1   | Learned a level 3 spell: Ozocubu's Armour
 15414 | Lair:1   | Found a transporter.
 15869 | Lair:1   | Found a transporter.
 16265 | Lair:1   | HP: 4/97 [briar patch collision (6)]
 16489 | Lair:2   | Reached skill level 15 in Dodging
 16595 | Lair:2   | Reached ***** piety under Vehumet
 16717 | Lair:2   | Offered knowledge of Freezing Cloud by Vehumet.
 17057 | Lair:2   | Found a staircase to the Snake Pit.
 17064 | Lair:2   | Learned a level 5 spell: Freezing Cloud
 17217 | Lair:2   | Identified a scroll of acquirement
 17284 | Lair:2   | Acquired the ring of Wontef {rElec rC+ Will+}
 17324 | Lair:2   | Reached skill level 1 in Air Magic
 17818 | Lair:3   | Noticed a boulder beetle
 17835 | Lair:3   | Killed a boulder beetle
 18015 | Lair:3   | Noticed a boulder beetle
 18055 | Lair:3   | Killed a boulder beetle
 18445 | Lair:3   | Found a staircase to the Swamp.
 19108 | D:4      | Killed Edmund
 19410 | Lair:4   | Found a dark tunnel.
 19453 | Volcano  | Entered a volcano
 19671 | Volcano  | Reached XP level 13. HP: 103/103 MP: 15/23
 19756 | Volcano  | Noticed a fire dragon
 19761 | Volcano  | Killed a fire dragon
 20718 | Lair:4   | Reached skill level 10 in Ice Magic
 21691 | Lair:5   | Entered Level 5 of the Lair of Beasts
 22060 | Lair:5   | Offered knowledge of Orb of Destruction by Vehumet.
 22492 | Lair:5   | Identified the +1 trident of Defence {chaos, rPois rN+
                  | Will+ Dex-3}
 23299 | Lair:5   | Reached XP level 14. HP: 110/110 MP: 22/26
 23997 | Lair:5   | Found a staircase to the Slime Pits.
 24443 | Lair:1   | Identified the ring "Boasazyth" {EV+5 Dex+2}
 24544 | Orc:1    | Entered Level 1 of the Orcish Mines
 24746 | Orc:1    | Noticed an orc warlord
 24756 | Orc:1    | Killed an orc warlord
 24994 | Orc:1    | Offered knowledge of Starburst by Vehumet.
 25251 | Orc:2    | Entered Level 2 of the Orcish Mines
 25260 | Orc:2    | Found a transporter.
 25268 | Orc:2    | Noticed NitroKuite's ghost (journeyman DEEE)
 25384 | Orc:2    | Found a transporter.
 25431 | Orc:2    | Noticed Maurice
 25438 | Orc:2    | Killed Maurice
 25828 | Orc:2    | Found a staircase to the Elven Halls.
 25949 | Orc:2    | Found Ketuc's Antique Armour Shop.
 26291 | Orc:2    | Noticed Nergalle
 26298 | Orc:2    | Killed Nergalle
 26351 | Orc:2    | Found an ancient bone altar of Kikubaaqudgha.
 26362 | Orc:2    | Reached skill level 15 in Ice Magic
 26617 | Orc:2    | Found Guggua's Jewellery Boutique.
 26637 | Orc:2    | Noticed Erolcha
 26644 | Orc:2    | Killed Erolcha
 26727 | Orc:2    | Found a radiant altar of Vehumet.
 26958 | Orc:2    | Found Udopty's Distillery.
 26963 | Orc:2    | Found Boaxkok's Distillery.
 27356 | Orc:2    | Bought a spiked ring mail for 288 gold pieces
 27356 | Orc:2    | Identified the +5 ring mail of Uxkixtasm {Str+6 Int+3} (You
                  | bought it in a shop on level 2 of the Orcish Mines)
 27356 | Orc:2    | Bought a tattered robe for 182 gold pieces
 27356 | Orc:2    | Identified the +1 robe "Zoith" {Will+ Str+3 Int+2} (You
                  | bought it in a shop on level 2 of the Orcish Mines)
 27356 | Orc:2    | Bought a distressingly furry cloak for 304 gold pieces
 27356 | Orc:2    | Identified the +0 cloak of Soson {rPois} (You bought it in
                  | a shop on level 2 of the Orcish Mines)
 27356 | Orc:2    | Bought a translucent cloak for 304 gold pieces
 27356 | Orc:2    | Identified the +0 cloak of Pathos {Drain rC- rN+++ Regen+}
                  | (You bought it in a shop on level 2 of the Orcish Mines)
 27408 | Orc:2    | Bought a potion of haste for 140 gold pieces
 27408 | Orc:2    | Bought a potion of haste for 140 gold pieces
 27408 | Orc:2    | Bought a potion of lignification for 42 gold pieces
 27409 | Orc:2    | Acquired the amulet "Eseor" {RegenMP rC+ Stlth+}
 27516 | Orc:2    | Reached skill level 1 in Armour
 27521 | Orc:2    | Killed NitroKuite's ghost
 28989 | D:12     | Found a hazy altar of Hepliaklqana.
 29466 | D:13     | Reached skill level 5 in Armour
 29904 | D:13     | Found a blossoming altar of Fedhas.
 30953 | D:14     | Reached XP level 15. HP: 106/115 MP: 17/27
 30982 | D:14     | Found a gate to the Vaults.
 31340 | D:14     | Found Zeggyux's Antique Weapon Shoppe.
 31349 | D:14     | Identified the +2 leather armour of the Pits of Slime
                  | {-Cast rPois rF+++ Dex-2}
 31498 | D:15     | Entered Level 15 of the Dungeon
 31516 | D:15     | Offered knowledge of Irradiate by Vehumet.
 31861 | D:15     | Found a staircase to the Depths.
 32115 | D:15     | Identified the ring "Fefotive" {rPois Will+ Slay+5}
 32312 | D:15     | Found a runed translucent door.
 32637 | D:15     | Noticed Qishud's ghost (adept GrEE)
 32972 | Snake:1  | Entered Level 1 of the Snake Pit
 33274 | Lair:2   | Reached skill level 10 in Armour
 33427 | Snake:1  | Offered knowledge of Iron Shot by Vehumet.
 33435 | Snake:1  | Learned a level 6 spell: Iron Shot
 33560 | Snake:1  | Found a transporter.
 33574 | Snake:1  | Reached skill level 1 in Earth Magic
 33580 | Snake:1  | Noticed Seits's ghost (adept MiFi)
 33706 | Snake:1  | Found a transporter.
 33711 | Snake:1  | Noticed a daeva
 34185 | Snake:1  | Reached skill level 5 in Earth Magic
 34322 | Snake:1  | Identified the +1 demon blade of Calamity {elec, rPois rN+
                  | Int+4}
 34743 | Snake:2  | Reached XP level 16. HP: 120/122 MP: 19/28
 36987 | Snake:3  | Reached skill level 1 in Long Blades
 37295 | Snake:3  | Noticed Vashnia
 37307 | Snake:3  | Offered knowledge of Conjure Ball Lightning by Vehumet.
 37636 | Snake:3  | Noticed Nikola
 37649 | Snake:3  | Killed Nikola
 37650 | Snake:3  | Reached skill level 10 in Spellcasting
 37869 | Snake:3  | Noticed Azrael
 37876 | Snake:3  | Killed Azrael
 38159 | Snake:3  | Noticed Aizul
 38175 | Snake:3  | Killed Aizul
 39006 | Snake:3  | Reached skill level 5 in Long Blades
 39362 | Snake:3  | Killed Vashnia
 40259 | Snake:4  | Entered Level 4 of the Snake Pit
 40267 | Snake:3  | Killed from afar by a salamander tyrant

Illustrated notes

Levels and vault maps discovered:
D:1:      dpeg_arrival_triangle_fractal, layout_loops_ring, serial_shops,
          shop_statue, nicolae_shop_trees, shop, nicolae_shop_stone,
          hellmonk_ecumenical_altar_dog_temple
D:2:      layout_loops_cross, basic_altar
D:3:      layout_basic, portal_sewer_entry_f
D:4:      layout_layer_cave, grunt_temple_overflow_order_and_chaos_1,
          temple_statues, uniq_edmund
D:5:      cheibrodos_thug_alley, layout_rooms, serial_shops,
          nicolae_shop_hallway_plus
D:6:      layout_gridville
D:7:      layout_loops_ring, nicolae_gozag_cash_rules_everything_around_me,
          enter_bailey_1, serial_shops, nicolae_shop_crystal, lightli_minifort
D:8:      layout_basic, nicolae_overflow_hallway_of_the_gods
D:9:      layout_basic, amethyst_overflow_temple_binary,
          mainiacjoe_overflow_cross_hatched, lair_entry_dummy, evilmike_butchery
D:10:     layout_basic, overflow_temple_1_default, kennysheep_boxes, uniq_grum
D:11:     minmay_bubble_buster, layout_long_grid, orc_0_dummy
D:12:     layout_basic, nzn_hepliaklqana_mist_gate
D:13:     layout_stronghold, grunt_ministairs_5, minivault_4, tgw_fedhas
D:14:     layout_rooms, david_vaults_2, amcnicky_mini_pool_small, serial_shops,
          nicolae_shop_hallway_plus, chequers_serial_rivers_small_b
D:15:     gammafunk_depths_entry_grave, layout_rooms, minmay_crystal_water,
          special_room [special_room_orc], ebering_ghost_reflecting_pool
Temple:   hellmonk_temple_divided_pantheon
Lair:1:   gammafunk_worm_tunnel, layout_chaotic_city
Lair:2:   nzn_winding_woodlands_cross [nzn_winding_woodlands_5x15_jagged,
          nzn_winding_woodlands_5x15_default,
          nzn_winding_woodlands_5x15_river_crossing,
          nzn_winding_woodlands_5x15_zeroes,
          nzn_winding_woodlands_15x15_killbox], layout_cellular_growth,
          guppyfry_snake_entry_garden
Lair:3:   dreamdust_cave_troll, layout_chaotic_city, minmay_swamp_entry_swarm,
          nzn_sisyphean_effort, lemuel_fruit_fields, lemuel_fruit_tree,
          lemuel_fruit_fields, lemuel_fruit_fields
Lair:4:   layout_layer_cave, enter_volcano_4, grunt_megastairs_3,
          infiniplex_staircase_pool
Lair:5:   grunt_lair_end_beastmaster, layout_long_grid,
          dpeg_slime_entry_enclosed
Snake:1:  layout_rooms, gammafunk_ghost_abyssal_escape,
          nicolae_snake_storage_room
Snake:2:  layout_honeycomb
Snake:3:  layout_layer_cave, nicolae_integral_box, uniq_vashnia, uniq_azrael,
          uniq_nikola, uniq_aizul
Snake:4:  hellmonk_snake_rune_quicksilver_temple, layout_rooms, basic_altar,
          nicolae_snake_gridmaze_zigzag
Orc:1:    layout_caves, basic_altar
Orc:2:    kennysheep_orc_mage_school, layout_diamond_mine,
          gammafunk_ghost_berserking_beasts, hellmonk_bongcloud_opening,
          uniq_maurice

Skill      XL: |  1  2  3  4  5  6  7  8  9 10 11 12 13 14 15 16 |
---------------+-------------------------------------------------+-----
Conjurations   | 3 4 5 |  5.0
Fighting       | 1 3 4 6 7 8 10 | 10.0
Dodging        | 3 4 6 8 9 10 13 15 | 15.0
Hexes          | 8 |  8.0
Spellcasting   | 5 7 8 10 | 10.0
Ice Magic      | 5 8 13 15 | 15.6
Air Magic      | 3 |  3.0
Armour         | 6 10 | 10.0
Earth Magic    | 7 9 |  9.8
Long Blades    | 5 |  5.4
Stealth        | |  3.0

Action                     |  1- 3 |  4- 6 |  7- 9 | 10-12 | 13-15 | 16-18 || total
---------------------------+-------+-------+-------+-------+-------+-------++-------
  Melee: Battleaxe         |    29 |    74 |     1 |       |       |       ||   104
         Bite              |     3 |     5 |    20 |    67 |    97 |    12 ||   204
         Halberd           |       |     8 |       |       |       |       ||     8
         Spear             |       |       |   220 |   548 |   720 |    71 ||  1559
         Punch             |       |       |     1 |     8 |    13 |     3 ||    25
         Demon blade       |       |       |       |       |       |    30 ||    30
  Throw: Dart              |       |       |     3 |    22 |     6 |       ||    31
         Throwing net      |       |       |     1 |       |       |       ||     1
   Cast: Magic Dart        |    59 |    70 |   110 |   150 |   203 |     6 ||   598
         Searing Ray       |     3 |    16 |    42 |    16 |     1 |       ||    78
         Fulminant Prism   |       |       |     4 |    66 |    37 |       ||   107
         Hailstorm         |       |       |       |     5 |     2 |    22 ||    29
         Freezing Cloud    |       |       |       |    17 |   222 |    87 ||   326
         Ozocubu's Armour  |       |       |       |    10 |    88 |    27 ||   125
         Iron Shot         |       |       |       |       |       |    21 ||    21
  Evoke: Wand              |       |       |     6 |       |     9 |       ||    15
         Lightning rod     |       |       |       |       |     2 |       ||     2
    Use: Scroll            |       |       |    11 |    10 |     4 |     1 ||    26
         Potion            |       |       |     1 |     2 |     7 |     4 ||    14
   Stab: Sleeping          |       |     1 |       |     3 |       |     1 ||     5
         Distracted        |       |       |       |       |     1 |       ||     1
 Armour: Robe              |     6 |    33 |    49 |    12 |       |       ||   100
         Steam dragon scal |       |       |       |    77 |    52 |    22 ||   151
         Ring mail         |       |       |       |       |   176 |       ||   176
         Troll leather arm |       |       |       |       |    13 |       ||    13
  Dodge: Dodged            |    35 |   104 |   288 |   772 |  1143 |   190 ||  2532
         Repelled          |       |       |       |       |     5 |    13 ||    18
